 Dungeon Crawl Stone Soup version 0.26.1-11-gd32895ea62 (webtiles) character file.

Game seed: 3181966978421748060

51 Tycrow the Ducker (level 3, -5/15 HPs)
             Began as a Felid Transmuter on June 13, 2021.
             Slain by Robin
             ... wielding a +0 trident
              (10 damage)
             ... on level 2 of the Dungeon.
             The game lasted 00:54:03 (1962 turns).

Tycrow the Ducker (Felid Transmuter)                Turns: 1962, Time: 00:54:04

Health: -5/15      AC:  1    Str:  6    XL:     3   Next: 57%
Magic:  6/7        EV: 19    Int: 14    God:
Gold:   60         SH:  0    Dex: 17    Spells: 5/6 levels left
                                        Lives:  0   Deaths: 0

rFire    . . .     SeeInvis +     - Unarmed
rCold    . . .     Faith    .   (shield unavailable)
rNeg     . . .     Spirit   .   (armour unavailable)
rPois    .         Reflect  .   (helmet unavailable)
rElec    .         Harm     .   (cloak unavailable)
rCorr    .         Rampage  .   (gloves unavailable)
Will     .....                  (boots unavailable)
Stlth    ++........             (no amulet)
HPRegen  0.05/turn              (no ring)
MPRegen  0.10/turn              (no ring)

@: about to teleport, appendages (expiring), quick
A: very small, no armour, no weapons or thrown items, stealth, claws 1, fangs 3,
horns 2, see invisible, speed 1, shaggy fur 1, sharp paws
a: End Transformation


You were on level 2 of the Dungeon.
You had grown temporary horns.
You visited 1 branch of the dungeon, and saw 2 of its levels.

You collected 60 gold pieces.

Inventory:

Hand Weapons
 a - a +0 dagger
 b - a +0 mace
 c - a +0 club
 e - a +0 mace
 j - a +0 club
 k - a +0 club
 o - a +0 short sword
 p - a +0 dagger
 r - a +0 club
 v - a +0 club
 x - a +0 club
 y - a +0 short sword
Missiles
 f - 20 stones
 g - 24 sling bullets
 s - 28 arrows
 t - 5 boomerangs
 A - 11 poisoned darts
Armour
 d - a +0 scale mail
 i - a +1 robe
 m - a +0 ring mail
Jewellery
 w - a cursed ring of teleportation
Scrolls
 z - a scroll of remove curse {unknown}
Potions
 h - a potion of degeneration {unknown}
 l - a potion of heal wounds {unknown}
 u - a potion of lignification {unknown}


   Skills:
 - Level 1.0 Fighting
 + Level 4.0 Dodging
 - Level 3.9 Unarmed Combat
 - Level 2.1 Spellcasting
 - Level 2.3 Transmutations


You had 5 spell levels left.
You knew the following spells:

 Your Spells              Type           Power        Failure   Level
a - Beastly Appendage     Tmut           14%          9%          1

Your spell library contained the following spells:

 Spells                   Type           Power        Failure   Level
 Wereblood                Tmut           7%           14%         2
 Spider Form              Tmut/Pois      2%           41%         3
 Ice Form                 Ice/Tmut       4%           82%         4
 Blade Hands              Tmut           3%           94%         5


Dungeon Overview and Level Annotations

Branches:
Dungeon (2/15)

Altars:

Annotations:
D:2 Robin


Innate Abilities, Weirdness & Mutations

You cannot wear armour.
You are incapable of wielding weapons or throwing items.
Your paws allow you to move quietly. (Stealth)
You have sharp claws.
You have razor-sharp teeth.
You have supernaturally acute eyesight. (SInv)
You cover ground quickly.
You are covered in fur. (AC +1)
Your sharp claws are effective at attacking unaware monsters.
You have a pair of horns on your head.


Message History

The goblin misses you. x2; Robin throws the goblin at you!
The goblin misses you.
You scratch the goblin.
You kill the goblin!
Robin completely misses you. The goblin completely misses you.
The goblin hits you.
A hobgoblin comes into view. It is wielding a +0 club.
Your Dodging skill increases to level 4!
You scratch the goblin. Your bite misses the goblin.
The goblin is severely wounded.
Your transformation is almost over.
The goblin barely misses you. Robin misses you. The goblin hits you.
You feel better. The goblin hits you with a +0 dagger. The goblin misses you.
Robin throws the goblin at you!
As you read the scroll of teleportation, it crumbles to dust.
You feel strangely unstable. The goblin closely misses you.
The goblin completely misses you. The goblin misses you.
Robin hits you from afar with a +0 trident!
Ouch! That really hurt!
You die...

#.#.#.# #.#.#.# #...#.#
#.# ##..#.# #.#
#..#.########.#
##..........#.####
##.#.#............
#.g....####.#.###.
#@g..######.......
#..ggg.g#...........<...
#.#######..##########.#.
..># ... ....# ...
###### ... #.# g. ##


You could see Robin, a hobgoblin (strong) and 4 goblins.

Vanquished Creatures
  A gnoll (D:1)
  3 dart slugs (D:1)
  2 leopard geckos (D:1)
  A ball python (D:1)
  4 giant cockroaches (D:1)
  6 goblins
  7 hobgoblins (D:1)
  A kobold (D:1)
  A bat (D:1)
  A frilled lizard (D:1)
  3 rats (D:1)
30 creatures vanquished.

Vanquished Creatures (others)
  3 plants (D:1)
3 creatures vanquished.

Grand Total: 33 creatures vanquished

Notes
Turn   | Place    | Note
-------+----------+-------------------------------------------
     0 | D:1      | Tycrow the Felid Transmuter began the quest for the Orb.
     0 | D:1      | Reached XP level 1. HP: 9/9 MP: 4/4
   144 | D:1      | Reached XP level 2. HP: 10/12 MP: 3/6
   683 | D:1      | Reached skill level 3 in Dodging
   685 | D:1      | Reached XP level 3. HP: 11/15 MP: 5/7
  1948 | D:2      | Noticed Robin
  1960 | D:2      | Reached skill level 4 in Dodging
  1962 | D:2      | Slain by Robin

Illustrated notes

Levels and vault maps discovered:
D:1:      onia_arrival_pyramid, layout_loops_ring, st_stairs_6,
          serial_bayou_crossing
D:2:      layout_basic, uniq_robin

Skill      XL: |  1  2  3 |
---------------+----------+-----
Dodging        | 3 4 |  4.0
Fighting       | |  1.0
Unarmed Combat | |  3.9
Spellcasting   | |  2.1
Transmutations | |  2.3

Action                   || total
-------------------------++-------
Melee: Unarmed           ||   117
       Headbutt          ||     6
       Bite              ||     4
       Punch             ||     3
 Cast: Beastly Appendage ||    12
  Use: Scroll            ||     3
       Potion            ||     2
 Stab: Sleeping          ||     2
Armor: Skin              ||     5
Dodge: Dodged            ||    88
